General information
- name: BNet
- type: Ladder 1vs1/FFA
- host: Battle.net
- saver: BEAR_AND
map: MeltingValley
- players: 2
- length: 57:24
- speed: Fast
- version: 1.26 W3XP
- replay type:

» download(202 KB)
Players
team 1 (winner)
BEAR_AND (
orange | 132 APM | 7552 actions | 57:24)
5 Archmage
3 Blizzard
2 Brilliance Aura
4 Mountain King
2 Storm Bolt
2 Bash
4 Paladin
2 Holy Light
2 Divine Shield
» actions
| Assign group hotkey | 79 | |
| Basic commands | 36 | |
| Build / train | 198 | |
| ESC pressed | 3 | |
| Enter build submenu | 77 | |
| Enter hero's abilities submenu | 13 | |
| Give item / drop item | 8 | |
| Remove unit from queue | 2 | |
| Right click | 4289 | |
| Select / deselect | 1171 | |
| Select group hotkey | 1224 | |
| Use ability | 449 | |
7552 total
» units
| Peasant | 33 | |
| Priest | 3 | |
| Sorceress | 1 | |
| Dragonhawk Rider | 13 | |
50 total
» upgrades
| Masonry | 3 | |
| Lumber Harvesting | 2 | |
| Magic Sentry | 1 | |
| Priest Training | 2 | |
| Sorceress Training | 2 | |
| Storm Hammers | 1 | |
| Cloud | 1 | |
| Animal War Training | 1 | |
| Swords | 3 | |
| Armor | 3 | |
19 total
» buildings
| Altar of Kings | 1 | |
| Farm | 9 | |
| Arcane Vault | 3 | |
| Lumber Mill | 1 | |
| Scout Tower | 134 | |
| Arcane Tower | 14 | |
| Guard Tower | 66 | |
| Town Hall | 2 | |
| Keep | 2 | |
| Castle | 1 | |
| Arcane Sanctum | 1 | |
| Gryphon Aviary | 3 | |
| Blacksmith | 2 | |
| Barracks | 1 | |
240 total
» build order
00:15 Altar of Kings
00:20 Farm
00:36 Arcane Vault
00:45 Farm
00:55 Lumber Mill
01:31 Scout Tower
01:32 Scout Tower
01:51 Scout Tower
02:04 Arcane Tower
02:04 Arcane Tower
02:05 Arcane Tower
02:45 Guard Tower
02:45 Guard Tower
02:45 Guard Tower
02:47 Scout Tower
02:47 Scout Tower
03:37 Guard Tower
03:50 Guard Tower
03:50 Guard Tower
05:13 Town Hall
05:17 Scout Tower
05:17 Scout Tower
05:18 Scout Tower
05:19 Scout Tower
05:19 Scout Tower
05:25 Keep
05:25 Keep
05:28 Farm
05:29 Farm
05:31 Farm
05:34 Scout Tower
05:35 Scout Tower
05:36 Scout Tower
06:09 Arcane Tower
06:09 Guard Tower
06:09 Guard Tower
06:10 Guard Tower
06:21 Guard Tower
06:21 Guard Tower
06:22 Scout Tower
06:38 Scout Tower
06:40 Scout Tower
06:43 Scout Tower
06:44 Scout Tower
06:54 Guard Tower
07:15 Guard Tower
07:31 Guard Tower
07:40 Guard Tower
07:40 Guard Tower
07:44 Guard Tower
08:18 Guard Tower
08:28 Scout Tower
08:29 Scout Tower
10:00 Town Hall
10:04 Castle
10:10 Scout Tower
10:11 Scout Tower
10:11 Scout Tower
10:12 Scout Tower
10:12 Scout Tower
10:13 Scout Tower
10:13 Scout Tower
10:14 Scout Tower
10:18 Arcane Vault
10:19 Scout Tower
10:19 Scout Tower
10:20 Scout Tower
10:37 Scout Tower
10:37 Scout Tower
10:38 Scout Tower
10:39 Scout Tower
10:40 Scout Tower
10:40 Guard Tower
10:41 Guard Tower
10:46 Guard Tower
10:46 Guard Tower
10:49 Arcane Sanctum
11:06 Scout Tower
11:07 Scout Tower
11:07 Scout Tower
11:08 Scout Tower
11:09 Scout Tower
11:09 Scout Tower
11:13 Arcane Vault
11:14 Guard Tower
11:14 Guard Tower
11:14 Guard Tower
11:19 Guard Tower
11:19 Arcane Tower
11:37 Guard Tower
12:19 Scout Tower
12:19 Scout Tower
12:20 Scout Tower
12:21 Scout Tower
12:22 Scout Tower
13:20 Guard Tower
13:20 Guard Tower
13:29 Guard Tower
13:29 Guard Tower
13:30 Guard Tower
13:35 Guard Tower
14:03 Guard Tower
14:08 Scout Tower
14:09 Scout Tower
14:10 Scout Tower
14:11 Scout Tower
14:12 Scout Tower
14:12 Scout Tower
14:13 Scout Tower
14:13 Scout Tower
14:14 Scout Tower
14:16 Guard Tower
14:16 Guard Tower
14:17 Guard Tower
14:17 Guard Tower
14:20 Scout Tower
14:21 Scout Tower
14:22 Scout Tower
14:23 Scout Tower
15:19 Guard Tower
15:20 Scout Tower
15:21 Scout Tower
15:21 Scout Tower
15:22 Scout Tower
15:28 Guard Tower
15:29 Guard Tower
16:46 Guard Tower
16:49 Guard Tower
17:18 Guard Tower
17:22 Gryphon Aviary
17:23 Gryphon Aviary
17:35 Blacksmith
17:35 Barracks
19:09 Scout Tower
19:09 Scout Tower
19:10 Scout Tower
19:10 Scout Tower
19:11 Scout Tower
19:11 Scout Tower
19:21 Scout Tower
19:22 Scout Tower
19:23 Scout Tower
19:24 Scout Tower
19:24 Scout Tower
19:26 Scout Tower
19:27 Scout Tower
19:27 Scout Tower
19:28 Scout Tower
19:29 Scout Tower
19:29 Scout Tower
19:30 Scout Tower
19:30 Scout Tower
20:15 Guard Tower
20:16 Guard Tower
20:33 Guard Tower
21:24 Arcane Tower
22:46 Guard Tower
24:19 Guard Tower
24:21 Arcane Tower
24:21 Guard Tower
24:21 Guard Tower
25:18 Arcane Tower
25:19 Guard Tower
28:11 Gryphon Aviary
28:23 Scout Tower
28:24 Scout Tower
28:24 Scout Tower
28:25 Scout Tower
28:25 Scout Tower
28:26 Scout Tower
28:26 Scout Tower
28:27 Scout Tower
29:16 Arcane Tower
30:59 Guard Tower
31:04 Scout Tower
31:06 Scout Tower
31:06 Scout Tower
31:07 Scout Tower
31:08 Scout Tower
31:08 Scout Tower
31:09 Scout Tower
31:09 Scout Tower
31:10 Scout Tower
31:11 Scout Tower
31:13 Scout Tower
31:16 Scout Tower
31:16 Scout Tower
31:17 Scout Tower
31:21 Scout Tower
31:22 Scout Tower
31:23 Scout Tower
31:23 Scout Tower
31:24 Scout Tower
31:25 Scout Tower
31:25 Scout Tower
31:26 Scout Tower
31:26 Scout Tower
31:27 Scout Tower
31:28 Scout Tower
32:43 Guard Tower
34:21 Guard Tower
35:42 Guard Tower
36:09 Farm
40:06 Scout Tower
40:07 Scout Tower
40:07 Scout Tower
40:08 Scout Tower
40:08 Scout Tower
40:08 Scout Tower
40:29 Farm
40:29 Farm
40:30 Farm
41:14 Arcane Tower
42:45 Scout Tower
42:46 Scout Tower
42:46 Scout Tower
42:59 Scout Tower
42:59 Scout Tower
42:59 Scout Tower
43:06 Arcane Tower
44:48 Arcane Tower
45:13 Blacksmith
47:34 Scout Tower
47:35 Scout Tower
47:37 Scout Tower
47:38 Scout Tower
49:10 Guard Tower
» items
| Scroll of Regeneration | 5 | |
| Boots of Speed | 4 | |
| Staff of Teleportation | 3 | |
| Staff of Sanctuary | 4 | |
16 total
team 2 (loser)
testing-123 (
blue | 61 APM | 3486 actions | 57:22)
6 Warden
3 Shadow Strike
2 Fan of Knives
1 Spirit of Vengeance
6 Keeper of the Grove
3 Entangling Roots
2 Force of Nature
1 Tranquility
» actions
| Assign group hotkey | 55 | |
| Basic commands | 284 | |
| Build / train | 203 | |
| ESC pressed | 4 | |
| Enter build submenu | 38 | |
| Enter hero's abilities submenu | 12 | |
| Give item / drop item | 21 | |
| Remove unit from queue | 27 | |
| Right click | 1055 | |
| Select / deselect | 583 | |
| Select group hotkey | 965 | |
| Use ability | 239 | |
3486 total
» units
| Wisp | 44 | |
| Archer | 18 | |
| Huntress | 3 | |
| Hippogryph | 11 | |
| Chimaera | 7 | |
| Mountain Giant | 2 | |
| Druid of the Claw | 1 | |
| Glaive Thrower | 11 | |
| Goblin Sapper | 4 | |
101 total
» upgrades
| Strength of the Moon | 3 | |
| Strength of the Wild | 3 | |
| Reinforced Hides | 3 | |
| Nature's Blessing | 1 | |
| Sentinel | 1 | |
| Well Spring | 1 | |
| Druid of the Talon Training | 2 | |
| Hippogryph Taming | 1 | |
| Marksmanship | 1 | |
| Improved Bows | 1 | |
| Corrosive Breath | 1 | |
| Hardened Skin | 1 | |
| Resistant Skin | 1 | |
| Druid of the Claw Training | 2 | |
| Ultravision | 1 | |
| Mark of the Talon | 1 | |
| Mark of the Claw | 1 | |
| Abolish Magic | 1 | |
| Moon Armor | 3 | |
| Backpack | 1 | |
| Upgrade Moon Glaive | 1 | |
| Vorpal Blades | 1 | |
32 total
» buildings
| Altar of Elders | 1 | |
| Moon Well | 14 | |
| Ancient of War | 1 | |
| Hunter's Hall | 1 | |
| Ancient of Wonders | 3 | |
| Ancient Protector | 9 | |
| Tree of Life | 5 | |
| Tree of Ages | 1 | |
| Tree of Eternity | 1 | |
| Ancient of Wind | 2 | |
| Chimaera Roost | 8 | |
| Ancient of Lore | 1 | |
47 total
» build order
00:07 Altar of Elders
00:20 Moon Well
00:58 Ancient of War
01:29 Moon Well
02:39 Hunter's Hall
02:49 Moon Well
03:33 Ancient of Wonders
03:47 Moon Well
04:21 Ancient Protector
04:42 Ancient Protector
05:53 Tree of Life
06:37 Ancient Protector
07:14 Ancient Protector
07:15 Ancient Protector
07:16 Ancient Protector
07:18 Ancient Protector
07:20 Ancient of Wonders
07:26 Ancient Protector
07:46 Ancient of Wonders
08:32 Tree of Ages
10:19 Tree of Life
10:48 Ancient Protector
12:03 Moon Well
12:30 Moon Well
12:41 Moon Well
13:42 Tree of Eternity
15:19 Moon Well
16:08 Ancient of Wind
16:18 Ancient of Wind
16:28 Moon Well
16:29 Moon Well
16:30 Moon Well
17:53 Chimaera Roost
17:55 Chimaera Roost
17:57 Chimaera Roost
17:58 Chimaera Roost
18:01 Chimaera Roost
18:03 Chimaera Roost
19:18 Chimaera Roost
20:54 Moon Well
20:55 Moon Well
20:57 Moon Well
21:15 Chimaera Roost
21:45 Ancient of Lore
25:24 Tree of Life
38:33 Tree of Life
39:43 Tree of Life
» items
| Moonstone | 1 | |
| Lesser Clarity Potion | 1 | |
| Potion of Healing | 8 | |
| Staff of Preservation | 2 | |
| Potion of Lesser Invulnerability | 3 | |
| Scroll of Healing | 3 | |
| Scroll of Protection | 1 | |
| Periapt of Vitality | 1 | |
| Circlet of Nobility | 1 | |
| Orb of Venom | 2 | |
| Potion of Mana | 1 | |
| Scroll of Town Portal | 2 | |
26 total
Chat log
(00:51 / All) BEAR_AND: HI
(01:04 / All) testing-123: gl hf
(01:19 / All) testing-123: im in a good mood
(01:21 / All) testing-123: you are lucky
(01:40 / All) BEAR_AND: scuse me
(04:13 / All) BEAR_AND: HI
(04:30 / All) testing-123: guess the age of the woman i fucked last might and i leave
(04:37 / All) BEAR_AND: 26
(04:43 / All) testing-123: 41
(04:44 / All) BEAR_AND: dont quit
(04:50 / All) testing-123: quess my age
(05:01 / All) BEAR_AND: 27
(05:03 / All) testing-123: and i leave
(05:06 / All) testing-123: 25
(05:07 / All) BEAR_AND: dont quit
(05:34 / All) testing-123: quess what langue i made her speak when i fucker her and i leave
(05:38 / All) BEAR_AND: dont leave
(09:24 / All) testing-123: guess what race she is
(09:44 / All) testing-123: and i will leave before i win
(09:47 / All) BEAR_AND: }nbever quit
(10:02 / All) testing-123: then for fun
(10:04 / All) testing-123: ?
(11:45 / All) BEAR_AND: hey!
(11:53 / All) testing-123: sup
(11:57 / All) BEAR_AND: guess my butt
(12:37 / All) testing-123: flappy?
(12:43 / All) BEAR_AND: try
(12:52 / All) testing-123: white american
(12:58 / All) testing-123: cheese... wisc.
(13:10 / All) testing-123: gg
(17:25 / All) BEAR_AND: am i dead
(17:37 / All) BEAR_AND: am i kill
(22:27 / All) BEAR_AND: lol
(22:28 / All) testing-123: and is a mirco biologist
(22:37 / All) BEAR_AND: do you have any micro
(22:43 / All) testing-123: no
(22:45 / All) testing-123: funny tho
(22:50 / All) testing-123: not high
(24:50 / All) BEAR_AND: lol
(25:01 / All) testing-123: you get one
(26:50 / All) BEAR_AND: ready??? come
(27:28 / All) testing-123: had to creep quick
(27:29 / All) testing-123: that red
(30:27 / All) testing-123: fucking pop up
(30:29 / All) testing-123: brb
(30:31 / All) BEAR_AND: of course
(30:33 / All) BEAR_AND: baby noob
(30:35 / All) testing-123: back ty
(30:42 / All) testing-123: no need for pause ;;)
(31:52 / All) BEAR_AND: are u bad
(32:20 / All) BEAR_AND: }oops was afkl
(34:04 / All) testing-123: lmao
(34:07 / All) BEAR_AND: you're shit
(34:09 / All) BEAR_AND: eat my shit
(34:12 / All) testing-123: k udie now
(34:13 / All) testing-123: gg
(35:02 / All) BEAR_AND: lol
(36:16 / All) BEAR_AND: did u win
(36:46 / All) testing-123: im sure you let me
(36:52 / All) BEAR_AND: is this gg
(42:34 / All) BEAR_AND: did u win
(43:44 / All) BEAR_AND: lol
(43:47 / All) BEAR_AND: gonna win?
(44:00 / All) testing-123: need to heral now
(44:17 / All) BEAR_AND: tyeah
(44:19 / All) BEAR_AND: idiot
(47:41 / All) BEAR_AND: have u won
(47:46 / All) testing-123: no
(47:48 / All) testing-123: i dont think so
(47:49 / All) testing-123: out of gold
(47:52 / All) BEAR_AND: you're dead
(49:27 / All) testing-123: this will be fun
(49:30 / All) testing-123: how much gold do tou have?:
(49:35 / All) BEAR_AND: guess
(49:37 / All) testing-123: zero like me yet?
(49:39 / All) BEAR_AND: guess what race my gold is
(49:40 / All) testing-123: 10k
(49:44 / All) testing-123: maybe 16
(49:48 / All) BEAR_AND: you're shit
(49:50 / All) testing-123: brazil
(49:52 / All) BEAR_AND: http://highper.ch/
(52:34 / All) BEAR_AND: you lost
(52:38 / All) BEAR_AND: eat my shit and lose
(53:31 / All) testing-123: this will be all night
(54:00 / All) testing-123: so its whoever leaves first
(54:04 / All) testing-123: we are at a stale mate
(54:13 / All) testing-123: and im on my good name
(54:14 / All) BEAR_AND: no you lose
(54:43 / All) testing-123: finish it
(56:36 / All) BEAR_AND: LOL
(56:37 / All) BEAR_AND: LOL
(56:37 / All) BEAR_AND: LOL
(56:38 / All) BEAR_AND: LOL
(56:39 / All) BEAR_AND: LOL
(56:40 / All) BEAR_AND: LOL
(56:40 / All) BEAR_AND: LOL
(56:41 / All) BEAR_AND: LOL
(56:42 / All) testing-123: ugh
(56:43 / All) testing-123: im so high
(56:48 / All) BEAR_AND: bye
(56:49 / All) testing-123: well
(56:50 / All) BEAR_AND: you're garbage
(57:18 / All) BEAR_AND: lmao
(57:21 / All) BEAR_AND: garbaGe boy